| TOP OF THE 1ST |
|
University of Nebraska Cornhuskers batting - Pitching for Oregon State University Beavers : RHP Khayyat bin Faruq
|
|
Pitching: RHP Khayyat bin Faruq
|
|
|
Batting: RHB Rich Thurman
|
0-0: Called Strike 0-1: Ball 1-1: Swinging Strike 1-2: Strikes out looking and he ARGUES THE CALL AND IS TOSSED!
|
|
Batting: RHB Masaru Konno
|
0-0: Foul Ball, location: 2F 0-1: Foul Ball, location: 2F 0-2: Ball 1-2: Ground out 6-3 (Groundball, 6, EV 89.4 MPH)
|
|
Batting: LHB Chris Williams
|
0-0: Called Strike 0-1: Ball 1-1: Called Strike 1-2: Ball 2-2: Strikes out swinging
|
| Top of the 1st over - 0 runs, 0 hits, 0 errors, 0 left on base; University of Nebraska 0 - Oregon State University 0 |
| BOTTOM OF THE 1ST |
|
Oregon State University Beavers batting - Pitching for University of Nebraska Cornhuskers : RHP Marcus Reiling
|
|
Pitching: RHP Marcus Reiling
|
|
|
Now at 3B: Hanley Hernandez
|
|
|
Batting: LHB George Moran
|
0-0: Ball 1-0: Called Strike 1-1: Ball 2-1: Fly out, F9 (Flyball, 9S, EV 93.1 MPH)
|
|
Batting: RHB Michael Powell
|
0-0: Ball 1-0: Foul Ball, location: 2F 1-1: Ball 2-1: Ball 3-1: Base on Balls
|
|
Batting: LHB Karel Hort
|
0-0: Called Strike 0-1: Fly out, F9 (Flyball, 9LM, EV 94.4 MPH)
|
|
Batting: RHB Jeremy Harden
|
0-0: Ball 1-0: Ball 2-0: Ball 3-0: Base on Balls Michael Powell to second
|
|
Batting: RHB Jonathan Mendoza
|
0-0: Called Strike 0-1: Ball 1-1: Ball 2-1: Ball 3-1: Called Strike 3-2: Strikes out looking
|
| Bottom of the 1st over - 0 runs, 0 hits, 0 errors, 2 left on base; University of Nebraska 0 - Oregon State University 0 |
| TOP OF THE 2ND |
|
University of Nebraska Cornhuskers batting - Pitching for Oregon State University Beavers : RHP Khayyat bin Faruq
|
|
Batting: LHB Adam Hill
|
0-0: SINGLE (Line Drive, 89M, EV 91.3 MPH)
|
|
Batting: RHB Simon Van Steenwyk
|
0-0: Swinging Strike 0-1: Ball 1-1: Swinging Strike 1-2: Fly out, F9 (Flyball, 9LS, EV 82.5 MPH)
|
|
Batting: RHB Dan Allred
|
0-0: Ball 1-0: Foul Ball, location: 2F 1-1: Ball 2-1: Ball 3-1: Foul Ball, location: 2F 3-2: Foul Ball, location: 2F 3-2: Strikes out swinging
|
|
Batting: LHB Marshall Daul
|
0-0: Ball 1-0: Called Strike 1-1: Foul Ball, location: 2F 1-2: SINGLE (Groundball, 3D, EV 100.6 MPH) Adam Hill to second
|
|
Batting: RHB Nate Henderson
|
0-0: Called Strike 0-1: DOUBLE (Line Drive, 78D, EV 105.6 MPH) Adam Hill scores Marshall Daul to third Runner from 3rd tries for Home, SAFE, throw by LF to home
|
|
Batting: SHB Jim Lloyd
|
0-0: Foul Ball, location: 2F 0-1: 2-RUN HOME RUN (Flyball, 78XD, EV 101.3 MPH), Distance : 412 ft
|
|
Batting: RHB Hanley Hernandez
|
0-0: Ball 1-0: Ground out 5-3 (Groundball, 56, EV 99.4 MPH)
|
| Top of the 2nd over - 4 runs, 4 hits, 0 errors, 0 left on base; University of Nebraska 4 - Oregon State University 0 |
| BOTTOM OF THE 2ND |
|
Oregon State University Beavers batting - Pitching for University of Nebraska Cornhuskers : RHP Marcus Reiling
|
|
Batting: SHB Jason Caruso
|
0-0: Ball 1-0: Called Strike 1-1: Ball 2-1: Foul Ball, location: 2F 2-2: Ball 3-2: Fly out, F8 (Line Drive, 8RM, EV 90.6 MPH)
|
|
Batting: RHB Sam Spohn
|
0-0: Ball 1-0: Called Strike 1-1: Swinging Strike 1-2: Ball 2-2: Foul Ball, location: 2F 2-2: Ball 3-2: Strikes out swinging
|
|
Batting: LHB Jeremy Robertson
|
0-0: Ball 1-0: Ball 2-0: Foul Ball, location: 2F 2-1: Fly out, F3 (Popup, 3SF, EV 65.0 MPH)
|
| Bottom of the 2nd over - 0 runs, 0 hits, 0 errors, 0 left on base; University of Nebraska 4 - Oregon State University 0 |
| TOP OF THE 3RD |
|
University of Nebraska Cornhuskers batting - Pitching for Oregon State University Beavers : RHP Khayyat bin Faruq
|
|
Batting: RHB Masaru Konno
|
0-0: Foul Ball, location: 2F 0-1: Ball 1-1: Ball 2-1: Fly out, F8 (Flyball, 89D, EV 95.0 MPH)
|
|
Batting: LHB Chris Williams
|
0-0: Foul Ball, location: 2F 0-1: Called Strike 0-2: Strikes out swinging
|
|
Batting: LHB Adam Hill
|
0-0: Ball 1-0: Called Strike 1-1: Ball 2-1: Foul Ball, location: 2F 2-2: Foul Ball, location: 2F 2-2: Ball 3-2: SINGLE (Line Drive, 9S, EV 96.9 MPH)
|
|
Batting: RHB Simon Van Steenwyk
|
0-0: Called Strike 0-1: Ground out 2-3 (Groundball, 13S, EV 66.9 MPH)
|
| Top of the 3rd over - 0 runs, 1 hit, 0 errors, 1 left on base; University of Nebraska 4 - Oregon State University 0 |
| BOTTOM OF THE 3RD |
|
Oregon State University Beavers batting - Pitching for University of Nebraska Cornhuskers : RHP Marcus Reiling
|
|
Batting: SHB Alfie Bungledorf
|
0-0: Ball 1-0: Ball 2-0: Ball 3-0: Called Strike 3-1: SINGLE (Groundball, 56S, EV 61.3 MPH) (infield hit)
|
|
Batting: LHB George Moran
|
0-0: SINGLE (Line Drive, 3D, EV 108.8 MPH) Alfie Bungledorf to second Runner from 2nd tries for 3rd, SAFE, throw by RF made to third
|
|
Batting: RHB Michael Powell
|
0-0: Called Strike 0-1: Grounds into double play, 1-4-3 (Groundball, P, EV 67.5 MPH)
|
|
Batting: LHB Karel Hort
|
0-0: Ball 1-0: Ball 2-0: Ball 3-0: Called Strike 3-1: Base on Balls
|
|
Batting: RHB Jeremy Harden
|
0-0: SINGLE (Flyball, 7LS, EV 95.6 MPH) Alfie Bungledorf scores Karel Hort to second
|
|
Batting: RHB Jonathan Mendoza
|
0-0: Called Strike 0-1: Ball 1-1: Called Strike 1-2: Foul Ball, location: 2F 1-2: Ball 2-2: Foul Ball, location: 2F 2-2: Ball 3-2: Base on Balls Karel Hort to third Jeremy Harden to second
|
|
Batting: SHB Jason Caruso
|
0-0: Ball 1-0: Ground out 5-3 (Groundball, 56S, EV 82.5 MPH)
|
| Bottom of the 3rd over - 1 run, 3 hits, 0 errors, 3 left on base; University of Nebraska 4 - Oregon State University 1 |
| TOP OF THE 4TH |
|
University of Nebraska Cornhuskers batting - Pitching for Oregon State University Beavers : RHP Khayyat bin Faruq
|
|
Batting: RHB Dan Allred
|
0-0: Ground out 5-3 (Groundball, 56, EV 93.1 MPH)
|
|
Batting: LHB Marshall Daul
|
0-0: Ball 1-0: Ball 2-0: Swinging Strike 2-1: Foul Ball, location: 2F 2-2: Foul Ball, location: 2F 2-2: Foul Ball, location: 2F 2-2: Foul Ball, location: 2F 2-2: Ball 3-2: DOUBLE (Flyball, 8LXD, EV 98.8 MPH)
|
|
Batting: RHB Nate Henderson
|
0-0: Called Strike 0-1: Foul Ball, location: 2F 0-2: Strikes out swinging
|
|
Batting: SHB Jim Lloyd
|
0-0: Ball 1-0: Called Strike 1-1: Ground out 5-3 (Groundball, 56S, EV 91.9 MPH)
|
| Top of the 4th over - 0 runs, 1 hit, 0 errors, 1 left on base; University of Nebraska 4 - Oregon State University 1 |
| BOTTOM OF THE 4TH |
|
Oregon State University Beavers batting - Pitching for University of Nebraska Cornhuskers : RHP Marcus Reiling
|
|
Batting: RHB Sam Spohn
|
0-0: Ball 1-0: Ball 2-0: Foul Ball, location: 2F 2-1: Called Strike 2-2: Foul Ball, location: 2F 2-2: Ball 3-2: Foul Ball, location: 2F 3-2: Strikes out swinging
|
|
Batting: LHB Jeremy Robertson
|
0-0: Swinging Strike 0-1: Foul Ball, location: 2F 0-2: Strikes out swinging
|
|
Batting: SHB Alfie Bungledorf
|
0-0: Ball 1-0: Ball 2-0: Swinging Strike 2-1: Foul Ball, location: 2F 2-2: Strikes out swinging
|
| Bottom of the 4th over - 0 runs, 0 hits, 0 errors, 0 left on base; University of Nebraska 4 - Oregon State University 1 |
| TOP OF THE 5TH |
|
University of Nebraska Cornhuskers batting - Pitching for Oregon State University Beavers : RHP Khayyat bin Faruq
|
|
Batting: RHB Hanley Hernandez
|
0-0: Ball 1-0: Ball 2-0: Ground out 5-3 (Groundball, 56S, EV 89.4 MPH)
|
|
Batting: RHB Masaru Konno
|
0-0: Called Strike 0-1: Called Strike 0-2: Foul Ball, location: 2F 0-2: SINGLE (Groundball, 4MD, EV 100.6 MPH) (infield hit)
|
|
Batting: LHB Chris Williams
|
0-0: Ball Masaru Konno is caught stealing 2nd base 2-6 1-0: SINGLE (Line Drive, 89S, EV 91.9 MPH)
|
|
Pitching: RHP Nate Davis
|
|
|
Batting: LHB Adam Hill
|
0-0: Ball 1-0: Ball 2-0: Foul Ball, location: 2F 2-1: Fly out, F8 (Flyball, 78D, EV 96.3 MPH)
|
| Top of the 5th over - 0 runs, 2 hits, 0 errors, 1 left on base; University of Nebraska 4 - Oregon State University 1 |
| BOTTOM OF THE 5TH |
|
Oregon State University Beavers batting - Pitching for University of Nebraska Cornhuskers : RHP Marcus Reiling
|
|
Pitching: LHP John Eggleston
|
|
|
Batting: LHB George Moran
|
0-0: Ball 1-0: Ball 2-0: SINGLE (Line Drive, 3D, EV 105.0 MPH)
|
|
Batting: RHB Michael Powell
|
0-0: Called Strike 0-1: Ball 1-1: Ball 2-1: Foul Ball, location: 2F 2-2: Ball 3-2: Foul Ball, location: 2F 3-2: Base on Balls George Moran to second
|
|
Batting: LHB Karel Hort
|
0-0: Called Strike 0-1: Ball 1-1: SINGLE (Line Drive, 7LM, EV 95.0 MPH) George Moran to third Michael Powell to second Runner from 3rd tries for Home, SAFE, throw by LF to home
|
|
Now in LF: Jason Todd
|
|
|
Batting: RHB Jeremy Harden
|
0-0: Ball 1-0: Swinging Strike 1-1: Hit by Pitch Michael Powell to third Karel Hort to second
|
|
Pinch Runner at 1st Mike Mathews:
|
|
|
Batting: RHB Jonathan Mendoza
|
0-0: Foul Ball, location: 2F 0-1: Fly out, F7 (Flyball, 7S, EV 81.3 MPH)
|
|
Batting: SHB Jason Caruso
|
0-0: Called Strike 0-1: Foul Ball, location: 2F 0-2: Ball 1-2: Ball 2-2: Foul Ball, location: 2F 2-2: Fly out, F5 (Popup, 15, EV 81.9 MPH)
|
|
Batting: RHB Sam Spohn
|
0-0: Ball Wild Pitch! Michael Powell scores Karel Hort to third Mike Mathews to second 1-0: Ball Wild Pitch! Karel Hort scores Mike Mathews to third 2-0: Ball 3-0: Called Strike 3-1: Base on Balls
|
|
Batting: LHB Jeremy Robertson
|
0-0: Ball 1-0: Called Strike 1-1: Swinging Strike 1-2: Fly out, F9 (Line Drive, 9, EV 91.9 MPH)
|
| Bottom of the 5th over - 3 runs, 2 hits, 0 errors, 2 left on base; University of Nebraska 4 - Oregon State University 4 |
| TOP OF THE 6TH |
|
University of Nebraska Cornhuskers batting - Pitching for Oregon State University Beavers : RHP Nate Davis
|
|
Now in LF: Bob Dietz
|
|
|
Batting: RHB Simon Van Steenwyk
|
0-0: Foul Ball, location: 2F 0-1: Ball 1-1: Ball 2-1: Ground out 5-3 (Groundball, 56S, EV 88.1 MPH)
|
|
Batting: RHB Dan Allred
|
0-0: Ball 1-0: Ball 2-0: Foul Ball, location: 2F 2-1: SINGLE (Line Drive, 5D, EV 94.4 MPH)
|
|
Batting: LHB Marshall Daul
|
0-0: Fly out, F7 (Flyball, 7D, EV 94.4 MPH)
|
|
Batting: RHB Nate Henderson
|
0-0: Called Strike 0-1: Foul Ball, location: 2F 0-2: Ball 1-2: Strikes out swinging
|
| Top of the 6th over - 0 runs, 1 hit, 0 errors, 1 left on base; University of Nebraska 4 - Oregon State University 4 |
| BOTTOM OF THE 6TH |
|
Oregon State University Beavers batting - Pitching for University of Nebraska Cornhuskers : LHP John Eggleston
|
|
Pitching: RHP Dane Long
|
|
|
Batting: SHB Alfie Bungledorf
|
0-0: Ground out U3 (Groundball, 3, EV 96.9 MPH)
|
|
Batting: LHB George Moran
|
0-0: Ball 1-0: Swinging Strike 1-1: Ground out 4-3 (Groundball, 34D, EV 105.0 MPH)
|
|
Batting: RHB Michael Powell
|
0-0: Called Strike 0-1: Ball 1-1: Foul Ball, location: 2F 1-2: Ball 2-2: SINGLE (Groundball, 56D, EV 99.4 MPH)
|
|
Batting: LHB Karel Hort
|
0-0: Swinging Strike 0-1: SINGLE (Groundball, 4D, EV 94.4 MPH) Michael Powell to second Runner from 2nd tries for 3rd, SAFE, throw by RF made at trailing runner, OUT! 9-6
|
| Bottom of the 6th over - 0 runs, 2 hits, 0 errors, 1 left on base; University of Nebraska 4 - Oregon State University 4 |
| TOP OF THE 7TH |
|
University of Nebraska Cornhuskers batting - Pitching for Oregon State University Beavers : RHP Nate Davis
|
|
Batting: SHB Jason Todd
|
0-0: Ball 1-0: Foul Ball, location: 2F 1-1: Fly out, F9 (Flyball, 9, EV 79.4 MPH)
|
|
Batting: RHB Hanley Hernandez
|
0-0: Called Strike 0-1: Ball 1-1: Ball 2-1: Swinging Strike 2-2: Hit by Pitch
|
|
Batting: RHB Masaru Konno
|
0-0: Foul Ball, location: 2F 0-1: Ball 1-1: Swinging Strike 1-2: Fly out, F5 (Popup, 5SF, EV 80.0 MPH)
|
|
Pinch Hitting: RHB Elijah Hunter
|
Pickoff Throw to First - Error! E1 Hanley Hernandez to second 0-0: Foul Ball, location: 2F 0-1: Ground out 5-3 (Groundball, 56S, EV 80.0 MPH)
|
| Top of the 7th over - 0 runs, 0 hits, 1 error, 1 left on base; University of Nebraska 4 - Oregon State University 4 |
| BOTTOM OF THE 7TH |
|
Oregon State University Beavers batting - Pitching for University of Nebraska Cornhuskers : RHP Dane Long
|
|
Pitching: LHP Leo Gutierrez
|
|
|
Now at 1B: Elijah Hunter
|
|
|
Batting: LHB Bob Dietz
|
0-0: Foul Ball, location: 2F 0-1: Ball 1-1: Called Strike 1-2: Ball 2-2: Ball 3-2: SINGLE (Line Drive, 78S, EV 93.1 MPH)
|
|
Batting: RHB Jonathan Mendoza
|
0-0: Ball 1-0: Called Strike 1-1: Ball 2-1: Foul Ball, location: 2F 2-2: Strikes out swinging
|
|
Batting: SHB Jason Caruso
|
0-0: Called Strike 0-1: Ball 1-1: Ball 2-1: Ball 3-1: Base on Balls Bob Dietz to second
|
|
Pitching: RHP Davon Ware
|
|
|
Batting: RHB Sam Spohn
|
0-0: Fielders Choice at 2nd, 6-4 (Groundball, 6S, EV 83.8 MPH) Bob Dietz to third
|
|
Pinch Hitting: RHB Bill Murray
|
0-0: SINGLE (Groundball, 56D, EV 98.1 MPH) Bob Dietz scores Sam Spohn to second
|
|
Batting: SHB Alfie Bungledorf
|
0-0: Swinging Strike 0-1: Called Strike 0-2: Foul Ball, location: 2F 0-2: Ball Passed Ball! Sam Spohn to third Bill Murray to second 1-2: Foul Ball, location: 2F 1-2: Ball 2-2: Ground out U3 (Groundball, 34, EV 81.9 MPH)
|
| Bottom of the 7th over - 1 run, 2 hits, 0 errors, 2 left on base; University of Nebraska 4 - Oregon State University 5 |
| TOP OF THE 8TH |
|
University of Nebraska Cornhuskers batting - Pitching for Oregon State University Beavers : RHP Nate Davis
|
|
Now at 2B: Itocravo Arrochela
|
|
|
Batting: LHB Adam Hill
|
0-0: Ball 1-0: Ball 2-0: Called Strike 2-1: Fly out, F9 (Line Drive, 9, EV 105.6 MPH)
|
|
Batting: RHB Simon Van Steenwyk
|
0-0: Ground out 6-3 (Groundball, 56, EV 86.3 MPH)
|
|
Batting: RHB Dan Allred
|
0-0: Fly out, F8 (Line Drive, 8RM, EV 90.6 MPH)
|
| Top of the 8th over - 0 runs, 0 hits, 0 errors, 0 left on base; University of Nebraska 4 - Oregon State University 5 |
| BOTTOM OF THE 8TH |
|
Oregon State University Beavers batting - Pitching for University of Nebraska Cornhuskers : RHP Davon Ware
|
|
Batting: LHB George Moran
|
0-0: Swinging Strike 0-1: Foul Ball, location: 2F 0-2: Ball 1-2: Foul Ball, location: 2F 1-2: Fly out, F6 (Popup, 6M, EV 71.9 MPH)
|
|
Batting: RHB Michael Powell
|
0-0: Ball 1-0: Foul Ball, location: 2F 1-1: Ground out 5-3 (Groundball, 56S, EV 82.5 MPH)
|
|
Batting: LHB Karel Hort
|
0-0: Called Strike 0-1: Called Strike 0-2: Ball 1-2: Fly out, F6 (Line Drive, 6, EV 76.3 MPH)
|
| Bottom of the 8th over - 0 runs, 0 hits, 0 errors, 0 left on base; University of Nebraska 4 - Oregon State University 5 |
| TOP OF THE 9TH |
|
University of Nebraska Cornhuskers batting - Pitching for Oregon State University Beavers : RHP Nate Davis
|
|
Pitching: LHP Antonio Sandoval
|
|
|
Now in RF: Alberto Carrillo
|
|
|
Batting: LHB Marshall Daul
|
0-0: Ball 1-0: Ball 2-0: Ball 3-0: Base on Balls
|
|
Batting: RHB Nate Henderson
|
0-0: Called Strike 0-1: Called Strike 0-2: Strikes out swinging
|
|
Pinch Hitting: RHB Chance Argy
|
0-0: Called Strike 0-1: Called Strike 0-2: Strikes out looking
|
|
Pinch Hitting: RHB Andy Garvin
|
0-0: Ball 1-0: Ball 2-0: Ball 3-0: Called Strike 3-1: 2-RUN HOME RUN (Flyball, 7D, EV 95.0 MPH), Distance : 374 ft
|
|
Batting: RHB Masaru Konno
|
0-0: Ball 1-0: Called Strike 1-1: Foul Ball, location: 2F 1-2: Strikes out swinging
|
| Top of the 9th over - 2 runs, 1 hit, 0 errors, 0 left on base; University of Nebraska 6 - Oregon State University 5 |
| BOTTOM OF THE 9TH |
|
Oregon State University Beavers batting - Pitching for University of Nebraska Cornhuskers : RHP Davon Ware
|
|
Pitching: RHP Jim Micaletti
|
|
|
Now at 3B: Mohammed bin Ubaida
|
|
|
Now in LF: Fernão Manta
|
|
|
Batting: LHB Bob Dietz
|
0-0: Ball 1-0: Ball 2-0: Fly out, F7 (Flyball, 78D, EV 95.6 MPH)
|
|
Batting: RHB Jonathan Mendoza
|
0-0: Called Strike 0-1: Ball 1-1: Ball 2-1: Called Strike 2-2: Ball 3-2: Strikes out swinging
|
|
Batting: SHB Jason Caruso
|
0-0: Ball 1-0: Swinging Strike 1-1: Called Strike 1-2: Strikes out swinging
|
| Bottom of the 9th over - 0 runs, 0 hits, 0 errors, 0 left on base; University of Nebraska 6 - Oregon State University 5 |
|